 Dungeon Crawl Stone Soup version 0.30-a0-651-g0755cc6dcf (console) character file.

Game seed: 10650380033404573794

66133 Ignak the Covert (level 15, -1/100 HPs)
             Began as an Octopode Venom Mage on Jan 17, 2023.
             Was an Elder of Sif Muna.
             Slain by a fire crab (13 damage)
             ... on level 5 of the Lair of Beasts.
             The game lasted 01:07:45 (18365 turns).

Ignak the Covert (Octopode Venom Mage)             Turns: 18365, Time: 01:07:46

Health: -1/100     AC:  7    Str:  4    XL:     15   Next: 18%
Magic:  21/29      EV: 24    Int: 34    God:    Sif Muna [****..]
Gold:   1679       SH:  8    Dex: 15    Spells: 5/34 levels left

rFire   . . .      SeeInvis +    a - +9 scimitar (vamp)
rCold   + . .      Faith    +    B - +3 buckler
rNeg    . . .      Spirit   .    K - +2 hat {Will+}
rPois   +          Reflect  .    C - amulet of faith
rElec   .          Harm     .    l - ring of protection from cold
rCorr   .          Rampage  .    r - ring of willpower
Will    ++++.                    n - +4 ring of protection
Stlth   ++++++                   q - ring of see invisible
HPRegen 1.16/turn                u - +5 ring of evasion
MPRegen 0.21/turn                I - ring of willpower
                                 D - +6 ring of intelligence
                                 J - ring of wizardry

@: radiating poison
A: almost no armour, amphibious, 8 rings, camouflage 1, gelatinous body 1,
(nimble swimmer 1), tentacles, agile 1, clever 1, poison resistance,
regeneration 1, weak 1
a: Renounce Religion, Channel Magic, Forget Spell, Divine Exegesis


You were on level 5 of the Lair of Beasts.
You worshipped Sif Muna.
Sif Muna was greatly pleased with you.
You visited 4 branches of the dungeon, and saw 19 of its levels.
You also visited: Volcano.

You collected 2138 gold pieces.
You spent 459 gold pieces at shops.

Inventory:

Hand Weapons
 a - a +9 vampiric scimitar (weapon)
 b - a +1 short sword of draining
 k - a +4 scimitar of flaming
Missiles
 s - 5 throwing nets
 H - 27 poisoned darts (quivered)
Armour
 B - a +3 buckler (worn)
 K - a +2 hat of willpower (worn)
Magical Staves
 y - a staff of air
Jewellery
 g - a ring of positive energy
 l - a ring of protection from cold (left tentacle)
 n - a +4 ring of protection (on tentacle)
 q - a ring of see invisible (on tentacle)
 r - a ring of willpower (right tentacle)
 u - a +5 ring of evasion (on tentacle)
 C - an amulet of faith (around mantle)
 D - a +6 ring of intelligence (on tentacle)
 I - a ring of willpower (on tentacle)
 J - a ring of wizardry (on tentacle)
Wands
 i - a wand of flame (9)
 v - a wand of charming (12)
 A - a wand of mindburst (42)
 E - a wand of roots (20)
 N - a wand of acid (5)
Scrolls
 d - 2 scrolls of summoning
 e - 2 scrolls of enchant armour
 f - 2 scrolls of fog
 h - 3 scrolls of teleportation
 m - a scroll of magic mapping
 p - 2 scrolls of amnesia
 z - 3 scrolls of fear
 O - a scroll of poison
 P - 3 scrolls of identify
 Q - a scroll of brand weapon {unknown}
Potions
 c - a potion of magic
 j - 2 potions of ambrosia
 o - 2 potions of heal wounds
 t - 2 potions of cancellation
 w - 2 potions of lignification
 x - 8 potions of curing
 F - 2 potions of might
 G - 2 potions of brilliance
 L - a potion of haste
 M - 5 potions of mutation


   Skills:
 + Level 8.4 Fighting
 + Level 8.3 Long Blades
 * Level 12.0 Dodging
 + Level 12.2 Stealth
 + Level 3.1 Shields
 - Level 2.0 Unarmed Combat
 * Level 10.1 Spellcasting
 * Level 7.5 Conjurations
 - Level 1.0 Transmutations
 - Level 5.0 Ice Magic
 * Level 8.8 Air Magic
 - Level 6.0 Earth Magic
 - Level 7.3 Poison Magic
 + Level 5.0 Invocations


You had 5 spell levels left.
You knew the following spells:

 Your Spells              Type           Power      Damage    Failure   Level
a - Sting                 Tmut/Pois      100%       1d8       1%          1
b - Searing Ray           Conj           100%       2d8       1%          2
c - Lee's Rapid Deconstr  Erth           27%        3d15*     3%          5
d - Mephitic Cloud        Conj/Pois/Air  63%        N/A       1%          3
e - Frozen Ramparts       Ice            100%       1d16      1%          3
f - Conjure Ball Lightni  Conj/Air       32%        3x3d10    8%          6
t - Passwall              Tmut/Erth      34%        N/A       1%          2
x - Ignite Poison         Fire/Tmut/Pois 36%        N/A       1%          3
z - Olgreb's Toxic Radia  Pois           61%        N/A       1%          4

Your spell library contained the following spells:

 Spells                   Type           Power      Damage    Failure   Level
 Beastly Appendage        Tmut           48%        N/A       1%          1
 Magic Dart               Conj           100%       1d8       1%          1
 Sandblast                Erth           100%       2d20      1%          1
 Slow                     Hex            68%        N/A       1%          1
 Cigotuvi's Dreadful Rot  Necr/Pois/Air  100%       N/A       1%          2
 Poisonous Vapours        Pois/Air       100%       N/A       1%          2
 Static Discharge         Conj/Air       100%       2-7/arc   1%          2
 Wereblood                Tmut           24%        N/A       1%          2
 Kindle Blastsparks       Fire/Tloc/Air  74%        2d16      1%          3
 Spider Form              Tmut/Pois      45%        N/A       1%          3
 Stone Arrow              Conj/Erth      100%       3d13      1%          3
 Airstrike                Air            33%        2d(5-21)  1%          4
 Lightning Bolt           Conj/Air       32%        1d49      1%          5
 Fulminant Prism          Conj/Hex       21%        3d12      3%          4
 Iskenderun's Mystic Bla  Conj/Tloc      42%        2d10      3%          4
 Sticky Flame             Conj/Fire      42%        2d6       3%          4
 Confusing Touch          Hex            17%        N/A       4%          3
 Vampiric Draining        Necr           17%        2d7       4%          3
 Ice Form                 Ice/Tmut       37%        N/A       4%          4
 Summon Ice Beast         Ice/Summ       34%        N/A       4%          4
 Alistair's Intoxication  Tmut/Pois      30%        N/A       7%          5
 Irradiate                Conj/Tmut      23%        3d19      7%          5
 Blade Hands              Tmut           12%        N/A       26%         5
 Maxwell's Capacitive Co  Air            33%        ∞         91%         8
 Dragon Form              Tmut           12%        N/A       99%         7
 Ignition                 Fire           8%         3d5       100%        8


Dungeon Overview and Level Annotations

Branches:
Dungeon (12/15)            Temple (1/1) D:7            Lair (3/5) D:9
  Swamp (0/4) Lair:2       Spider (0/4) Lair:3        Slime (0/5) Lair:5
    Orc (2/2) D:12            Elf (0/3) Orc:2       Volcano (visited)

Altars:
Ashenzari
Cheibriados
Elyvilon
Fedhas
Gozag
Hepliaklqana
Nemelex Xobeh
Okawaru
Qazlal
Ru
Sif Muna
Trog
Uskayaw
Vehumet
Wu Jian
Xom
The Shining One
Jiyva

Shops:
D:2 *   D:11 *   Orc:2 ((([

Annotations:
D:7 TimeIsEndless's ghost, novice OgRe
Lair:5 1 runed translucent door, Voriuw's ghost, journeyman SpEn


Innate Abilities, Weirdness & Mutations

You cannot wear most types of armour.
You are amphibious.
You can wear up to eight rings at the same time.
Your skin changes colour to match your surroundings (Stealth+).
Your rubbery body absorbs attacks. (AC +1, EV +1)
((You are camouflaged when in or above water. (Stealth+)))
You have tentacles for arms and can constrict up to eight enemies at once.
You are agile. (Dex +4, Str/Int -1)
Your mind is acute. (Int +4, Str/Dex -1)
Your system is resistant to poisons. (rPois)
Your natural rate of healing is unusually fast.
You are weak. (Str -2)


Message History

The fire crab barely misses you. The fire crab completely misses you.
You hit the fire crab but do no damage.
The fire crab is moderately wounded.
You constrict the fire crab, but do no damage.
You block the fire crab's attack. x2
You slash the fire crab!
You feel better.
You squeeze the fire crab, but do no damage.
The fire crab is heavily wounded.
You constrict the fire crab, but do no damage.
The fire crab bites you but does no damage.
The fire crab barely misses you.
You hit the fire crab.
You squeeze the fire crab, but do no damage.
The fire crab is heavily wounded.
You constrict the fire crab, but do no damage.
The fire crab breathes flames at you. The blast of flame misses you.
You slash the fire crab!
You feel better.
You squeeze the fire crab.
The fire crab is almost dead.
You are engulfed in blazing flames.
You constrict the fire crab, but do no damage.
The fire crab completely misses you. The fire crab claws you!
You are engulfed in flames!
You release your grip on the fire crab.
You are engulfed in blazing flames.
The fire crab breathes flames at you. The blast of flame misses you.
You are engulfed in blazing flames.
You block the fire crab's attack. The fire crab misses you.
Press: ? - help, v - describe, . - travel
Here: a fire crab (severely wounded)
The floor, spattered with blood.
Casting: Ignite Poison (safe; 1% risk of failure)
Confirm with . or Enter, or press ? or * to list all spells.
You begin to radiate toxic energy.
The fire crab is poisoned.
You are engulfed in blazing flames.
* * * LOW HITPOINT WARNING * * *
The fire crab looks even sicker.
The fire crab bites you.
* * * LOW HITPOINT WARNING * * *
You are engulfed in flames!
You die...

#P.##.# #8.##
##.#.## #....##
#...## 8.....##
#.#..## ##......#
##....## ##.......#§
##..#.####.†......§≈
#...#.†°°°°°.##≈≈§.
#.P..#.°°°°°...#§≈.
###
#.##.####°○@t.....§≈
..# ## ###
####......#§ ..#
##.....§≈ ..#
#8..#.. ..### ##.# .
....# ## ...##
...######
...#....####


You could see a fire crab (very poisoned).

Vanquished Creatures
  Gastronok (Lair:1)
  A fire dragon (Volcano)
  A hydra (Lair:5)
  Harold (D:9)
  A centaur warrior (D:9)
  A boulder beetle (Lair:5)
  Erica (D:7)
  4 ogre magi (Orc:2)
  17 two-headed ogres
  Urug (D:11)
  Amaemon (Lair:1)
  A swamp dragon (Lair:2)
  A lindwurm (Lair:2)
  2 orc knights
  Pikel (D:6)
  3 ugly things
  2 orc sorcerers
  3 salamanders (Volcano)
  4 cyclopes
  16 elephants
  5 black mambas
  Maurice (D:7)
  An orange demon (Lair:1)
  7 cane toads
  2 kobold demonologists (D:9)
  A gargoyle (D:11)
  Maggie (D:7)
  3 unseen horrors
  4 rime drakes
  An efreet (D:9)
  10 komodo dragons
  2 trolls
  Grinder (D:5)
  A polar bear (Lair:2)
  Prince Ribbit (D:9)
  4 hornets
  6 dream sheep (Lair:2)
  11 wyverns
  2 shadows
  A vampire (D:10)
  Eustachio (D:6)
  4 basilisks
  3 wraiths
  38 yaks
  14 fire bats (Volcano)
  6 steam dragons
  4 wargs
  8 water moccasins
  An acid dragon (D:9)
  Duvessa (D:6)
  19 orc warriors
  A sky beast (D:7)
  An ice beast (D:7)
  2 black bears
  37 ogres
  6 wolves
  11 centaurs
  A lemure (D:6)
  2 phantoms (D:5)
  2 kobold brigands
  Blork the orc (D:6)
  7 bullfrogs
  A necrophage (D:5)
  3 scorpions
  A wight (D:9)
  Dowan (D:6)
  13 killer bees
  6 howler monkeys
  2 hounds
  12 orc priests
  Crazy Yiuf (D:6)
  2 gnoll boudas
  Natasha (thrice) (D:2)
  5 iguanas
  18 orc wizards
  4 gnolls (D:10)
  11 adders
  A river rat (Lair:3)
  A shadow imp (D:8)
  A white imp (D:7)
  2 ufetubi
  A worm (D:2)
  A dart slug (D:2)
  57 orcs
  7 endoplasms
  2 giant cockroaches (D:3)
  5 goblins
  8 hobgoblins
  3 jackals (D:3)
  2 quokkas (D:1)
  8 ball pythons
  6 bats
  A frilled lizard (D:2)
  9 kobolds
  8 rats
504 creatures vanquished.

Vanquished Creatures (others)
  Erolcha (D:9)
  A centaur (D:9)
  An orc wizard (Orc:1)
  5 ball lightnings (Volcano)
  3 fungi
  109 plants
120 creatures vanquished.

Grand Total: 624 creatures vanquished

Notes
Turn   | Place    | Note
-------+----------+-------------------------------------------
     0 | D:1      | Ignak the Octopode Venom Mage began the quest for the Orb.
     0 | D:1      | Reached XP level 1. HP: 11/11 MP: 3/3
   106 | D:1      | Reached XP level 2. HP: 17/17 MP: 1/5
   669 | D:1      | Reached XP level 3. HP: 8/22 MP: 0/6
   914 | D:1      | Learned a level 3 spell: Frozen Ramparts
  1134 | D:2      | Noticed Natasha
  1143 | D:2      | Killed Natasha
  1144 | D:2      | Reached skill level 1 in Unarmed Combat
  1165 | D:2      | Noticed Natasha
  1173 | D:2      | Killed Natasha
  1174 | D:2      | Reached skill level 1 in Fighting
  1174 | D:2      | Reached XP level 4. HP: 18/28 MP: 2/7
  1247 | D:2      | Reached skill level 1 in Ice Magic
  1411 | D:2      | Learned a level 3 spell: Mephitic Cloud
  1434 | D:2      | Noticed Natasha
  1442 | D:2      | Killed Natasha
  1443 | D:2      | Reached XP level 5. HP: 14/33 MP: 4/8
  1627 | D:2      | Found Mudu's General Store.
  1714 | D:2      | Found a hide-covered altar of Uskayaw.
  1877 | D:2      | Found a faded altar of an unknown god.
  2020 | D:3      | Found a shimmering altar of Xom.
  2128 | D:3      | Identified the +1 leather armour of Snakes and Ladders
                  | {rPois rC++ Will+++ Dex-2}
  2168 | D:3      | Found an opulent altar of Gozag.
  2655 | D:3      | Found a white marble altar of Elyvilon.
  2684 | D:3      | Found a bloodstained altar of Trog.
  2922 | D:4      | Reached XP level 6. HP: 38/38 MP: 6/9
  3328 | D:5      | Entered Level 5 of the Dungeon
  3329 | D:5      | Found an iron altar of Okawaru.
  3456 | D:5      | Reached skill level 1 in Long Blades
  3520 | D:5      | Reached XP level 7. HP: 43/45 MP: 8/11
  3595 | D:5      | Reached skill level 5 in Poison Magic
  3664 | D:5      | Noticed Grinder
  3699 | D:5      | Paralysed by Grinder for 3 turns
  3707 | D:5      | Killed Grinder
  3708 | D:5      | Reached skill level 5 in Stealth
  3708 | D:5      | Reached XP level 8. HP: 36/51 MP: 2/12
  3726 | D:5      | Learned a level 4 spell: Olgreb's Toxic Radiance
  3767 | D:5      | Learned a level 2 spell: Passwall
  3970 | D:5      | Reached skill level 5 in Dodging
  4204 | D:6      | Noticed a hornet
  4207 | D:6      | Noticed Duvessa
  4213 | D:5      | Paralysed by a hornet for 1 turns
  4218 | D:5      | Killed a hornet
  4317 | D:6      | Noticed Dowan
  4426 | D:6      | Noticed Eustachio
  4439 | D:6      | Killed Eustachio
  4492 | D:6      | Reached XP level 9. HP: 57/57 MP: 14/14
  4552 | D:6      | Killed Dowan
  4552 | D:6      | Killed Duvessa
  4553 | D:6      | Reached skill level 5 in Ice Magic
  4585 | D:6      | Noticed Pikel
  4599 | D:6      | Killed Pikel
  4851 | D:6      | Found a faded altar of an unknown god.
  4851 | D:6      | Noticed Blork the orc
  4852 | D:6      | Found a hazy altar of Hepliaklqana.
  4859 | D:6      | Killed Blork the orc
  5009 | D:6      | Found a hide-covered altar of Uskayaw.
  5050 | D:6      | Found a sacrificial altar of Ru.
  5188 | D:6      | Found a runed translucent door.
  5189 | D:6      | Noticed Crazy Yiuf
  5198 | D:6      | Killed Crazy Yiuf
  5439 | D:7      | Learned a level 2 spell: Searing Ray
  5728 | D:7      | Reached skill level 1 in Conjurations
  5857 | D:7      | Found a staircase to the Ecumenical Temple.
  5872 | Temple   | Entered the Ecumenical Temple
  5915 | Temple   | Became a worshipper of Sif Muna the Loreminder
  6008 | D:7      | Found a transporter.
  6011 | D:7      | Found a transporter.
  6011 | D:7      | Noticed TimeIsEndless's ghost (novice OgRe)
  6052 | D:7      | Reached XP level 10. HP: 65/65 MP: 10/17
  6128 | D:7      | Noticed Maggie
  6156 | D:7      | Killed Maggie
  6157 | D:7      | Reached skill level 5 in Spellcasting
  6215 | D:7      | Learned a level 3 spell: Confusing Touch
  6418 | D:7      | Gained mutation: Potions are less effective at restoring
                  | your health. [potion of mutation]
  6418 | D:7      | Gained mutation: You are weak. (Str -2) [potion of
                  | mutation]
  6418 | D:7      | Gained mutation: You occasionally shout uncontrollably at
                  | your foes. [potion of mutation]
  6418 | D:7      | Gained mutation: One of your tentacles bears a spike.
                  | [potion of mutation]
  6420 | D:7      | Lost mutation: You occasionally shout uncontrollably at
                  | your foes. [potion of mutation]
  6420 | D:7      | Lost mutation: Potions are less effective at restoring your
                  | health. [potion of mutation]
  6420 | D:7      | Lost mutation: One of your tentacles bears a spike. [potion
                  | of mutation]
  6420 | D:7      | Gained mutation: You are agile. (Dex +4, Str/Int -1)
                  | [potion of mutation]
  6420 | D:7      | Gained mutation: Your system is resistant to poisons.
                  | (rPois) [potion of mutation]
  6420 | D:7      | Gained mutation: Your mind is acute. (Int +4, Str/Dex -1)
                  | [potion of mutation]
  6420 | D:7      | Gained mutation: Your natural rate of healing is unusually
                  | fast. [potion of mutation]
  6687 | D:8      | Noticed Erica
  6691 | D:8      | Noticed Maurice
  6697 | D:7      | Killed Erica
  6741 | D:7      | Killed Maurice
  7126 | D:8      | Reached skill level 5 in Fighting
  7585 | D:9      | Noticed a two-headed ogre
  7594 | D:9      | Killed a two-headed ogre
  7595 | D:9      | Reached skill level 1 in Air Magic
  7603 | D:9      | Reached * piety under Sif Muna
  7614 | D:9      | Reached skill level 5 in Long Blades
  7630 | D:9      | Reached XP level 11. HP: 16/72 MP: 6/20
  7698 | D:9      | Noticed Prince Ribbit
  7704 | D:9      | Killed Prince Ribbit
  7719 | D:9      | Found a stormy altar of Qazlal.
  8197 | D:9      | Reached skill level 5 in Conjurations
  8202 | D:9      | Reached ** piety under Sif Muna
  8214 | D:9      | Noticed a red ugly thing
  8215 | D:9      | Noticed a red ugly thing
  8223 | D:9      | Killed a red ugly thing
  8229 | D:9      | Killed a red ugly thing
  8311 | D:9      | Reached skill level 1 in Invocations
  8322 | D:9      | Noticed a cyclops
  8328 | D:9      | Killed a cyclops
  8517 | D:9      | Noticed Erolcha
  8519 | D:9      | Noticed a cyclops
  8523 | D:9      | Killed Erolcha
  8534 | D:9      | Killed a cyclops
  8776 | D:9      | Reached XP level 12. HP: 64/79 MP: 17/22
  8979 | D:9      | Noticed a two-headed ogre
  8984 | D:9      | Found a staircase to the Lair.
  8996 | D:9      | Killed a two-headed ogre
  9126 | D:9      | Noticed Harold
  9129 | D:9      | Found a glowing golden altar of the Shining One.
  9143 | D:9      | Killed Harold
  9389 | D:9      | Noticed a centaur warrior
  9404 | D:9      | Killed a centaur warrior
  9405 | D:9      | Reached skill level 5 in Air Magic
  9548 | D:10     | Entered Level 10 of the Dungeon
  9579 | D:10     | Learned a level 5 spell: Lee's Rapid Deconstruction
  9671 | D:10     | Reached *** piety under Sif Muna
  9797 | D:10     | Reached skill level 1 in Earth Magic
 10106 | D:10     | Noticed a two-headed ogre
 10114 | D:10     | Killed a two-headed ogre
 10540 | D:11     | Noticed Urug
 10558 | D:11     | Killed Urug
 10559 | D:11     | Reached skill level 10 in Stealth
 10679 | D:11     | Found Ephoawn's Overcharged Wands.
 10793 | Lair:1   | Entered Level 1 of the Lair of Beasts
 11349 | D:12     | Noticed a two-headed ogre
 11360 | D:12     | Killed a two-headed ogre
 11553 | D:12     | Learned a level 3 spell: Ignite Poison
 11673 | D:12     | Reached **** piety under Sif Muna
 11833 | D:12     | Reached skill level 10 in Dodging
 11833 | D:12     | Reached XP level 13. HP: 85/85 MP: 25/25
 12019 | D:12     | Found a staircase to the Orcish Mines.
 12577 | Orc:1    | Entered Level 1 of the Orcish Mines
 12640 | Orc:1    | Reached skill level 5 in Earth Magic
 12746 | Orc:1    | Reached ***** piety under Sif Muna
 12750 | Orc:1    | Received a gift from Sif Muna
 12751 | Orc:1    | Got Sif Muna's Directory of Unstable Arcane Weapons {god
                  | gift}
 13176 | Orc:2    | Entered Level 2 of the Orcish Mines
 13651 | Orc:2    | Found Aphalog's Antique Weapon Boutique.
 13651 | Orc:2    | Found Waracim's Antique Weapon Shoppe.
 13697 | Orc:2    | Reached XP level 14. HP: 77/92 MP: 18/27
 13698 | Orc:2    | Found Yzy Uhirch's Antique Armour Emporium.
 13698 | Orc:2    | Found Huidwagipa's Antique Weapon Boutique.
 13761 | Orc:2    | Bought a glowing buckler for 195 gold pieces
 13775 | Orc:2    | Bought a faintly glowing mace for 264 gold pieces
 13775 | Orc:2    | Identified the +10 mace of the Original Sin {flame, Int+4}
                  | (You bought it in a shop on level 2 of the Orcish Mines)
 13977 | Orc:2    | Found a staircase to the Elven Halls.
 14369 | Lair:1   | Noticed Gastronok
 14381 | Lair:1   | Killed Gastronok
 14381 | Lair:1   | Received a gift from Sif Muna
 14384 | Lair:1   | Got Sif Muna's Vellum of Toxins {god gift}
 14640 | Lair:1   | Learned a level 6 spell: Conjure Ball Lightning
 15058 | Lair:1   | Noticed Amaemon
 15066 | Lair:1   | Killed Amaemon
 15283 | Lair:1   | Reached skill level 1 in Shields
 15592 | Lair:2   | Found a staircase to the Swamp.
 15744 | Lair:2   | Identified the +11 demon trident of Wathriotz {drain,
                  | Contam Fragile rElec Int+8}
 16397 | Lair:3   | Found a dark tunnel.
 16435 | Volcano  | Entered a volcano
 16701 | Volcano  | Received a gift from Sif Muna
 16702 | Volcano  | Got Xehoix's Commentary on the Brume {god gift}
 17371 | Lair:3   | Found a blossoming altar of Fedhas.
 17522 | Lair:3   | You fall into a shaft and drop 2 floors!
 17522 | Lair:5   | Entered Level 5 of the Lair of Beasts
 17522 | Lair:5   | Noticed Voriuw's ghost (journeyman SpEn)
 17522 | Lair:5   | Found a runed translucent door.
 17963 | Lair:5   | Found a viscous altar of Jiyva.
 17964 | Lair:5   | Found a staircase to the Slime Pits.
 17974 | Lair:5   | Reached XP level 15. HP: 81/99 MP: 23/28
 17996 | Lair:5   | Reached skill level 10 in Spellcasting
 18337 | Lair:5   | Reached skill level 5 in Invocations
 18365 | Lair:5   | Slain by a fire crab

Illustrated notes

Levels and vault maps discovered:
D:1:      dpeg_arrival_more_subterranean_lakeside_camping, layout_basic
D:2:      layout_basic, shapermc_ecumenical_altar_mp_vishouse, basic_altar,
          serial_shops, nicolae_shop_stone, minivault_4, uniq_natasha
D:3:      layout_basic, nicolae_overflow_hidden_temple,
          mainiacjoe_overflow_two_lobes, grunt_gozag_statues
D:4:      layout_rooms
D:5:      layout_loops_cross, okawaru_metal_pillars_3, uniq_grinder
D:6:      layout_cave_pools, beargit_hepliaklqana_dungeon_heroes,
          mainiacjoe_overflow_swirl, uniq_crazy_yiuf_cottage, uniq_eustachio,
          uniq_duvessa, uniq_pikel
D:7:      layout_basic, temple_pool_b, gammafunk_ghost_smash,
          kennysheep_generic_room_4, uniq_maggie
D:8:      layout_basic, serial_bayou_pond_e, uniq_erica, uniq_maurice
D:9:      minmay_the_grid_3x3 [minmay_the_grid_aliased_spiral,
          minmay_the_grid_rooms, minmay_the_grid_large_cup,
          minmay_the_grid_box_x, minmay_the_grid_medium_cups,
          minmay_the_grid_dragon_b, minmay_the_grid_spin_star,
          minmay_the_grid_slots, minmay_the_grid_prize_inner_circle],
          layout_long_grid, mainiacjoe_overflow_concentric_impassable,
          tso_altar, lair_entry_dummy, bh_walls_and_bars, uniq_harold,
          uniq_erolcha, uniq_prince_ribbit1
D:10:     layout_basic
D:11:     layout_small_grid, hangedman_decor_growths,
          nicolae_shop_overcharged_wands, uniq_urug
D:12:     layout_grid_maze, orc_0_dummy
Temple:   hellmonk_temple_forest_ring
Lair:1:   layout_cave_pods, st_stairs_9, grunt_forest_small_clearing_treed,
          lemuel_fruit_tree, uniq_amaemon, uniq_gastronok
Lair:2:   layout_regular_city, minmay_swamp_entry_reptiles, grunt_megastairs_1
Lair:3:   regret_index_combs_of_tragedy, layout_gridlike,
          nicolae_spider_entry_tight_spaces, enter_volcano_2, serial_forest,
          infiniplex_forest_clump_small, infiniplex_forest_lined_room_,
          infiniplex_forest_straight_2, infiniplex_forest_end_2,
          infiniplex_forest_clump_curved, infiniplex_forest_end_3,
          infiniplex_forest_lined_corner, infiniplex_forest_fountain,
          basic_altar, nicolae_lair_grazing_beasts [nicolae_sub_lair_graze_edge,
          nicolae_sub_lair_graze_edge, nicolae_sub_lair_graze_edge,
          nicolae_sub_lair_graze_edge]
Lair:5:   cheibrodos_lair_end_hotspot, layout_gridlike, slime_entry_1,
          gammafunk_ghost_grave
Orc:1:    layout_diamond_mine, basic_altar
Orc:2:    st_orc_ogre_mass, layout_caves

Skill      XL: |  1  2  3  4  5  6  7  8  9 10 11 12 13 14 15 |
---------------+----------------------------------------------+-----
Stealth        | 3 4 5 7 8 9 10 11 12 | 12.2
Unarmed Combat | 1 2 |  2.0
Fighting       | 1 2 3 4 5 6 7 8 |  8.4
Poison Magic   | 4 5 6 7 |  7.3
Dodging        | 3 4 5 7 8 9 10 11 12 | 12.0
Ice Magic      | 1 2 3 4 5 |  5.0
Long Blades    | 1 2 3 4 5 6 7 8 |  8.3
Spellcasting   | 3 4 6 7 8 9 10 | 10.1
Conjurations   | 1 4 5 7 |  7.5
Air Magic      | 1 4 5 7 8 |  8.8
Invocations    | 2 4 5 |  5.0
Earth Magic    | 4 5 6 |  6.0
Shields        | 2 3 |  3.1
Transmutations | |  1.0

Action                   |  1- 3 |  4- 6 |  7- 9 | 10-12 | 13-15 || total
-------------------------+-------+-------+-------+-------+-------++-------
Melee: Unarmed           |     4 |       |       |       |    10 ||    14
       Constrict         |    10 |    17 |    24 |    35 |    63 ||   149
       Dagger            |    19 |    19 |       |       |       ||    38
       Hand axe          |     8 |       |       |       |       ||     8
       Tentacles         |     6 |    12 |    24 |    82 |    94 ||   218
       Punch             |     1 |       |     2 |     9 |    12 ||    24
       Short sword       |       |     6 |       |     7 |     3 ||    16
       Spear             |       |     6 |       |       |       ||     6
       Scimitar          |       |    33 |   112 |   279 |   300 ||   724
       Tailslap          |       |       |       |       |     5 ||     5
Throw: Dart              |       |     1 |    11 |    11 |     7 ||    30
 Cast: Sting             |    35 |    49 |       |       |       ||    84
       Mephitic Cloud    |       |     2 |    16 |    27 |     8 ||    53
       Frozen Ramparts   |       |     1 |     9 |    10 |     4 ||    24
       Olgreb's Toxic Ra |       |       |    12 |    58 |   103 ||   173
       Confusing Touch   |       |       |       |     1 |       ||     1
       Ignite Poison     |       |       |       |     2 |    30 ||    32
       Lee's Rapid Decon |       |       |       |     2 |       ||     2
       Searing Ray       |       |       |       |     1 |     1 ||     2
       Dragon Form       |       |       |       |       |     2 ||     2
       Conjure Ball Ligh |       |       |       |       |     2 ||     2
       Passwall          |       |       |       |       |     1 ||     1
Invok: Channel Magic     |       |       |       |     1 |     1 ||     2
       Divine Exegesis   |       |       |       |       |     2 ||     2
Evoke: Wand              |       |       |     3 |     3 |     9 ||    15
  Use: Scroll            |       |     8 |     2 |    12 |     6 ||    28
       Potion            |       |     3 |     1 |    10 |     2 ||    16
 Stab: Sleeping          |     5 |     9 |     2 |    11 |    11 ||    38
       Distracted        |       |       |     2 |       |     1 ||     3
       Confused          |       |       |     3 |    14 |     2 ||    19
Armor: Skin              |    11 |    15 |    18 |    33 |    37 ||   114
Dodge: Dodged            |    29 |    53 |   124 |   308 |   302 ||   816
Block: Buckler           |       |       |       |       |   107 ||   107

Table legend: (Time is in decaauts)
 A = Elapsed time spent in this place.
 B = Non-inter-level travel time spent in this place.
 C = Inter-level travel time spent in this place.
 D = Time resting spent in this place.
 E = Time spent auto-exploring this place.
 F = Levels seen in this place.
 G = Mean time per level.
                   A        B        C        D        E       F      G
               +--------+--------+--------+--------+--------+-----+--------+
         Total |  18442 |  17914 |    528 |   1902 |  10173 |  20 |  922.1 |
       Dungeon |  12626 |  12165 |    461 |   1140 |   7476 |  12 | 1052.2 |
        Temple |     57 |     57 |      0 |      0 |      0 |   1 |   57.0 |
          Lair |   3167 |   3110 |     57 |    212 |   1990 |   4 |  791.8 |
  Orcish Mines |   1676 |   1668 |      8 |    250 |    671 |   2 |  838.0 |
       Volcano |    913 |    913 |      0 |    300 |     36 |   1 |  913.0 |
               +--------+--------+--------+--------+--------+-----+--------+

Top non-repeatable levels by time:
     D:9: 1956 daAuts
     D:7: 1390 daAuts
    D:12: 1314 daAuts
     D:1: 1131 daAuts
     D:5: 1095 daAuts
    D:10: 1072 daAuts
  Lair:2: 1050 daAuts
  Lair:1: 1040 daAuts
     D:6: 1011 daAuts
   Orc:2: 916 daAuts
 Volcano: 913 daAuts
     D:2: 887 daAuts
  Lair:5: 846 daAuts
     D:3: 811 daAuts
     D:8: 793 daAuts
